 Dungeon Crawl Stone Soup version 0.27.1-33-g824d729ab1 (webtiles) character file.

Game seed: 17861031555747378776

22 shaggyschweig the Twirler (level 3, -1/26 HPs)
             Began as a Human Wanderer on Dec 14, 2021.
             Slain by a rat (2 damage)
             ... on level 1 of the Dungeon.
             The game lasted 00:19:45 (414 turns).

shaggyschweig the Twirler (Human Wanderer)           Turns: 414, Time: 00:19:46

Health: -1/26      AC:  5    Str: 15    XL:     3   Next: 7%
Magic:  6/6        EV: 10    Int: 12    God:
Gold:   55         SH:  0    Dex: 10    Spells: 5/6 levels left

rFire    . . .     SeeInvis .   a - +2 quarterstaff
rCold    . . .     Faith    .   (shield currently unavailable)
rNeg     . . .     Spirit   .   h - +0 ring mail
rPois    .         Reflect  .   (no helmet)
rElec    .         Harm     .   (no cloak)
rCorr    .         Rampage  .   (no gloves)
Will     .....                  (no boots)
Stlth    +.........             (no amulet)
HPRegen  0.08/turn              (no ring)
MPRegen  0.10/turn              (no ring)

@: no status effects
A: no striking features
a: no special abilities


You were on level 1 of the Dungeon.
You visited 1 branch of the dungeon, and saw 1 of its levels.

You collected 55 gold pieces.

Inventory:

Hand Weapons
 a - a +2 quarterstaff (weapon)
 e - a +0 short sword
Missiles
 d - 24 bolts
 f - 13 arrows
Armour
 c - a +0 robe
 h - a +0 ring mail (worn)
Magical Staves
 g - a staff of earth
Scrolls
 i - a scroll of vulnerability {unknown}
Miscellaneous
 b - a piece from Xom's chessboard (15/15)


   Skills:
 + Level 1.0 Fighting
 + Level 3.5 Staves
 + Level 1.0 Stealth
 + Level 2.2 Spellcasting
 + Level 2.0 Air Magic
 + Level 1.0 Earth Magic
 * Level 1.2 Evocations


You had 5 spell levels left.
You knew the following spells:

 Your Spells              Type           Power      Damage    Failure   Level
a - Foxfire               Conj/Fire      4%         2x1d4     47%         1

Your spell library contained the following spells:

 Spells                   Type           Power      Damage    Failure   Level
 Corona                   Hex            1%         N/A       47%         1
 Ensorcelled Hibernation  Hex/Ice        2%         N/A       63%         2
 Ignite Poison            Fire/Tmut/Pois 1%         N/A       85%         3
 Tukima's Dance           Hex            1%         N/A       85%         3


Dungeon Overview and Level Annotations

Branches:
Dungeon (1/15)

Altars:


Message History

You are too injured to fight recklessly!
You thump the kobold!
You kill the kobold!
The jackal bites you but does no damage.
The rat bites you but does no damage.
You closely miss the jackal. The jackal barely misses you.
The rat completely misses you.
The jackal bites you but does no damage.
You hit the jackal.
The jackal is heavily wounded.
The jackal closely misses you. The rat closely misses you.
You hit the jackal.
The jackal is almost dead.
The jackal bites you. The rat bites you.
The jackal bites you but does no damage.
The rat barely misses you.
You barely miss the jackal.
The jackal is almost dead.
The jackal barely misses you.
The rat bites you but does no damage. x2
You closely miss the jackal.
The jackal is almost dead.
The jackal barely misses you. The rat bites you.
* * * LOW HITPOINT WARNING * * *
The jackal bites you.
* * * LOW HITPOINT WARNING * * *
The rat closely misses you.
You barely miss the jackal.
The jackal is almost dead.
The rat bites you.
* * * LOW HITPOINT WARNING * * *
The jackal bites you.
* * * LOW HITPOINT WARNING * * *
The rat bites you but does no damage. The rat closely misses you.
The jackal bites you.
* * * LOW HITPOINT WARNING * * *
Unknown command.
You hit the jackal.
You kill the jackal!
The rat closely misses you. The rat bites you.
You die...

... #.###..## ...
.##.####..#### .#.
. .......##....# .#
..###.....#####.#
...#.....# #.### .
..(....># #...#
...##)....#####...#
......rr..........#
##)@....###...#
.........#..###...#
##.......#...######
###.[...##.)..##
#.....####...#
#.....# ##..#
#.....# ##.#
#.....# #.# ###


You could see 2 rats.

Vanquished Creatures
  A dart slug (D:1)
  3 ball pythons (D:1)
  2 endoplasms (D:1)
  2 giant cockroaches (D:1)
  2 goblins (D:1)
  4 jackals (D:1)
  2 kobolds (D:1)
  A frilled lizard (D:1)
  A rat (D:1)
18 creatures vanquished.

Vanquished Creatures (others)
  A foxfire (D:1)
1 creature vanquished.

Grand Total: 19 creatures vanquished

Notes
Turn   | Place    | Note
-------+----------+-------------------------------------------
     0 | D:1      | shaggyschweig the Human Wanderer began the quest for the
                  | Orb.
     0 | D:1      | shaggyschweig set off with the following items: a +2
                  | quarterstaff, a piece from Xom's chessboard (15/15), a +0
                  | robe; and the following spell memorised: Foxfire; and the
                  | following spells available to memorise: Ignite Poison
     0 | D:1      | Reached XP level 1. HP: 13/13 MP: 3/3
   144 | D:1      | Reached XP level 2. HP: 16/20 MP: 5/5
   398 | D:1      | Reached XP level 3. HP: 19/25 MP: 6/6
   406 | D:1      | Reached skill level 1 in Fighting
   413 | D:1      | HP: 1/26 [jackal (1)]
   414 | D:1      | Slain by a rat

Illustrated notes

Levels and vault maps discovered:
D:1:      dpeg_arrival_lava_altar, layout_rooms

Skill      XL: |  1  2  3 |
---------------+----------+-----
Fighting       | 1 |  1.0
Staves         | |  3.5
Stealth        | |  1.0
Spellcasting   | |  2.2
Air Magic      | |  2.0
Earth Magic    | |  1.0
Evocations     | |  1.2

Action                   || total
-------------------------++-------
Melee: Quarterstaff      ||    47
 Cast: Foxfire           ||     1
Armor: Robe              ||     4
       Ring mail         ||    21
Dodge: Dodged            ||    43
